 Dungeon Crawl Stone Soup version 0.16.2-14-g7133f4a77c (webtiles) character file.

7885 faibistes the Thaumaturge (level 11, -32/59 HPs)
             Began as a Deep Elf Wizard on Aug 25, 2021.
             Was an Elder of Sif Muna.
             Killed by the air
             ... invoked by Gastronok
              (37 damage)
             ... on level 1 of the Lair of Beasts.
             The game lasted 00:58:55 (19394 turns).

faibistes the Thaumaturge (Deep Elf Wizard)        Turns: 19394, Time: 00:58:55

Health: -32/59     AC:  6    Str:  4    XL:     11   Next: 2%
Magic:  18/33      EV: 16    Int: 29    God:    Sif Muna [****..]
Gold:   396        SH:  0    Dex: 13    Spells: 7 memorised, 18 levels left

rFire  . . .     SeeInvis .     k - +2 dagger (venom)
rCold  . . .     Clarity  .     a - +0 robe
rNeg   + . .     SustAb   .     (no shield)
rPois  .         Gourm    +     x - +1 helmet
rElec  .         Spirit   .     f - +1 cloak
rCorr  .         Warding  .     (no gloves)
rMut   .         Stasis   .     (no boots)
MR     +....                    s - amulet of the gourmand
Stlth  ++........               m - ring of positive energy
                                r - +2 ring of intelligence

@: repel missiles, somewhat resistant to hostile enchantments, unstealthy
A: no striking features
a: Channel Energy, Forget Spell, Renounce Religion


You were on level 1 of the Lair of Beasts.
You worshipped Sif Muna.
Sif Muna was greatly pleased with you.
You were completely stuffed.

You visited 3 branches of the dungeon, and saw 12 of its levels.
You also visited: Bailey.

You collected 592 gold pieces.
You spent 196 gold pieces at shops.

Inventory:

Hand weapons
 k - a +2 dagger of venom (weapon)
 y - a +2 dagger of electrocution
Missiles
 o - 21 arrows
Armour
 a - a +0 robe (worn)
 f - a +1 cloak (worn)
 x - a +1 helmet (worn)
Magical staves
 b - an uncursed staff of air
 C - an uncursed staff of cold
Jewellery
 m - a ring of positive energy (right hand)
 n - a +4 ring of strength
 r - a +2 ring of intelligence (left hand)
 s - an amulet of the gourmand (around neck)
 u - an uncursed amulet of resist corrosion {unknown}
 L - a cursed -2 ring of strength
Magical devices
 l - a wand of fire (4)
 z - a wand of teleportation (2)
 B - a wand of flame (21)
 D - a wand of slowing (34)
 F - a wand of digging (11)
Scrolls
 e - 4 scrolls of amnesia
 j - 3 scrolls of teleportation
 p - a scroll of remove curse
 t - a scroll of recharging
 A - a scroll of enchant weapon
Potions
 i - 2 potions of curing
 v - 2 potions of magic
 w - 2 potions of heal wounds
 E - a potion of flight
 G - 2 potions of might
 H - a potion of agility
Books
 c - a book of Minor Magic

   Spells                             Type                      Level
   a - Magic Dart                     Conjuration                  1
   b - Blink                          Translocation                2
   c - Call Imp                       Summoning                    2
   d - Repel Missiles                 Charms/Air                   2
   e - Slow                           Hexes                        2
   f - Conjure Flame                  Conjuration/Fire             3
   g - Mephitic Cloud                 Conjuration/Poison/Air       3
 K - a book of Changes

   Spells                             Type                      Level
   a - Beastly Appendage              Transmutation                1
   b - Sticks to Snakes               Transmutation                2
   c - Spider Form                    Transmutation/Poison         3
   d - Ice Form                       Ice/Transmutation            4
   e - Blade Hands                    Transmutation                5
Comestibles
 d - 8 bread rations
 q - 4 meat rations


   Skills:
 + Level 2.9 Fighting
 + Level 7.4 Dodging
 - Level 2.4 Stealth
 * Level 11.7 Spellcasting
 + Level 7.1 Conjurations
 - Level 4.0 Charms
 - Level 1.1 Summonings
 - Level 3.5 Translocations
 - Level 3.0 Transmutations
 * Level 5.4 Fire Magic
 - Level 2.9 Air Magic
 - Level 3.7 Poison Magic
 * Level 6.0 Invocations
 + Level 4.5 Evocations


You had 18 spell levels left.
You knew the following spells:

 Your Spells              Type           Power        Failure   Level  Hunger
a - Magic Dart            Conj           ####         1%          1    None
b - Conjure Flame         Conj/Fire      ######..     1%          3    None
c - Call Imp              Summ           ###.....     2%          2    None
d - Blink                 Tloc           N/A          1%          2    None
e - Mephitic Cloud        Conj/Pois/Air  #####...     1%          3    None
f - Repel Missiles        Chrm/Air       #####.       1%          2    None
g - Sticks to Snakes      Trmt           ####......   1%          2    None


Dungeon Overview and Level Annotations

Branches:
Dungeon (9/15)             Temple (1/1) D:4            Lair (2/8) D:8
    Orc: D:9-12

Altars:
Ashenzari
Cheibriados
Dithmenos
Elyvilon
Fedhas
Gozag
Makhleb
Nemelex Xobeh
Qazlal
Ru
Sif Muna
Trog
Vehumet
Yredelemnul
Zin
The Shining One

Shops:
D:8 *

Annotations:
Lair:1 Gastronok


Message History

Press: ? - help, Shift-Dir - straight line, f - Gastronok
Aim: Gastronok, wearing a glowing hat You miscast Mephitic Cloud.
Sif Muna protects you from the effects of your miscast!
Unknown command.
Casting: Mephitic Cloud
Confirm with . or Enter, or press ? or * to list all spells.
Aiming: Mephitic Cloud
Press: ? - help, Shift-Dir - straight line, f/p - Gastronok
Aim: Gastronok, wearing a glowing hat The ball explodes into a vile cloud!
The stinking cloud engulfs Gastronok.
Gastronok is engulfed in noxious fumes.
Gastronok waves his eye-stalks in wide circles.
The air twists around and strikes you!
* * * LOW HITPOINT WARNING * * *
Gastronok is engulfed in noxious fumes.
Gastronok waves his eye-stalks in wide circles.
The air twists around and strikes you!
Ouch! That really hurt!
You die...

.w... ......
..... .
###########
.......
#.........##
..#..#
...........#
#####...#
..........#
##.#P..#
...>......#
###.#§§w##
........###
#.##@.###
.......##
####..###
......##
##...###
.....#####...##
####..##...###
# ##....P##
##..###
######...#
#....#..##


You could see Gastronok.

Vanquished Creatures
  An orc knight (Bailey)
  A spiny frog (Lair:1)
  A basilisk (Lair:1)
  2 wraiths (D:8)
  A wyvern (D:9)
  3 wolves (Lair:1)
  A deep elf fighter (D:8)
  A water moccasin (D:4)
  Edmund (D:5)
  3 hippogriffs
  6 orc warriors
  2 porcupines (Lair:2)
  A wasp (D:7)
  A necrophage (D:7)
  The ghost of KaZZacH the Skirmisher, an average MiBe of Trog (D:3)
  3 sky beasts
  3 phantoms
  2 ice beasts
  2 ogres
  5 crocodiles
  3 centaurs
  An elf zombie (D:8)
  A big kobold (D:8)
  A gnoll sergeant (D:7)
  3 giant frogs
  A wyvern zombie (D:7)
  2 jellies (D:7)
  An elf skeleton (D:8)
  7 scorpions
  6 wights
  A quasit (D:8)
  4 crimson imps
  2 goliath beetles (D:7)
  2 human zombies (D:8)
  A centaur zombie (D:7)
  7 orc priests
  3 centaur skeletons
  A giant frog skeleton (D:7)
  5 hounds
  3 orc wizards
  2 human skeletons (D:8)
  7 worker ants
  3 iguanas
  2 mummies (D:8)
  Robin (D:4)
  16 adders
  19 gnolls
  A river rat (D:8)
  4 giant mites
  5 worms
  An adder zombie (D:5)
  An adder skeleton (D:6)
  5 giant geckos
  An ooze (D:4)
  33 orcs
  2 ball pythons
  2 bat skeletons
  5 giant cockroaches
  36 hobgoblins
  8 jackals
  3 quokkas
  23 bats
  3 giant newts
  31 goblins
  19 kobolds
  A quokka skeleton (D:5)
  21 rats
  6 ballistomycetes (D:6)
357 creatures vanquished.

Vanquished Creatures (collateral kills)
  A scorpion (D:4)
  A worm (D:2)
2 creatures vanquished.

Vanquished Creatures (others)
  A giant spore (D:6)
  19 fungi
  5 plants
25 creatures vanquished.

Grand Total: 384 creatures vanquished

Notes
Turn   | Place    | Note
--------------------------------------------------------------
     0 | D:1      | faibistes, the Deep Elf Wizard, began the quest for the Orb.
     0 | D:1      | Reached XP level 1. HP: 10/10 MP: 6/6
   426 | D:1      | Reached XP level 2. HP: 15/15 MP: 7/10
   433 | D:1      | Learned a level 2 spell: Blink
   453 | D:1      | Learned a level 2 spell: Call Imp
  1034 | D:1      | Reached skill level 5 in Spellcasting
  1325 | D:1      | Reached XP level 3. HP: 19/19 MP: 7/14
  1330 | D:1      | Learned a level 3 spell: Conjure Flame
  1334 | D:1      | Learned a level 3 spell: Mephitic Cloud
  1688 | D:2      | Found a stormy altar of Qazlal.
  1951 | D:2      | Reached XP level 4. HP: 24/24 MP: 7/17
  2341 | D:3      | Noticed KaZZacH's ghost (average MiBe)
  2485 | D:3      | Found a shattered altar of Ashenzari.
  2532 | D:2      | Learned a level 2 spell: Repel Missiles
  3605 | D:3      | Killed KaZZacH's ghost
  3605 | D:3      | Reached skill level 6 in Spellcasting
  3605 | D:3      | Reached XP level 5. HP: 14/28 MP: 16/20
  4198 | D:3      | Found a blossoming altar of Fedhas.
  4255 | D:4      | Noticed an ogre
  4265 | D:4      | Killed an ogre
  4265 | D:4      | Reached XP level 6. HP: 32/32 MP: 10/22
  4434 | D:5      | Entered Level 5 of the Dungeon
  4434 | D:5      | Noticed Edmund
  4442 | D:5      | Killed Edmund
  4442 | D:5      | Reached skill level 7 in Spellcasting
  4792 | D:5      | Found a deep blue altar of Sif Muna.
  4809 | D:5      | Became a worshipper of Sif Muna the Loreminder
  5112 | D:4      | Found a stormy altar of Qazlal.
  5163 | D:4      | Noticed a water moccasin
  5192 | D:4      | Reached skill level 8 in Spellcasting
  5192 | D:4      | Reached XP level 7. HP: 36/36 MP: 7/26
  5725 | D:3      | Reached skill level 1 in Air Magic
  5725 | D:3      | Reached skill level 1 in Invocations
  6438 | D:4      | Noticed Robin
  6512 | D:4      | Killed Robin
  6516 | D:4      | Killed a water moccasin
  6516 | D:4      | Reached skill level 5 in Dodging
  6516 | D:4      | Reached skill level 1 in Poison Magic
  7033 | D:4      | Found a staircase to the Ecumenical Temple.
  7042 | Temple   | Entered the Ecumenical Temple
  7469 | D:4      | Reached XP level 8. HP: 36/41 MP: 21/28
  7644 | D:4      | Acquired Sif Muna's first power
  7764 | D:5      | Reached skill level 9 in Spellcasting
  7820 | D:5      | Reached skill level 5 in Conjurations
  8105 | D:5      | Found a sacrificial altar of Ru.
  9455 | D:6      | Acquired Sif Muna's second power
 10105 | D:6      | Reached skill level 1 in Charms
 10105 | D:6      | Reached XP level 9. HP: 45/45 MP: 18/30
 10173 | D:6      | Found a glowing silver altar of Zin.
 10401 | D:6      | Reached skill level 1 in Fire Magic
 10752 | D:7      | Reached skill level 10 in Spellcasting
 11320 | D:7      | Reached skill level 1 in Fighting
 11321 | D:7      | Reached skill level 1 in Evocations
 12435 | D:7      | Found a sparkling altar of Nemelex Xobeh.
 12458 | D:7      | Learned a level 2 spell: Sticks to Snakes
 12941 | D:7      | Reached skill level 1 in Transmutations
 13105 | D:7      | Found a staircase to the Ecumenical Temple.
 13194 | D:7      | Found a glowing golden altar of the Shining One.
 13195 | D:7      | Found a bloodstained altar of Trog.
 14161 | D:9      | Found a flagged portal.
 14211 | Bailey   | Entered a bailey
 14475 | Bailey   | Reached XP level 10. HP: 44/53 MP: 22/32
 14968 | Bailey   | Noticed an orc warlord
 15155 | Bailey   | Got a smoking ivory ring
 15170 | Bailey   | Noticed an orc knight
 15182 | Bailey   | HP: 2/53 [orc knight/war axe (28)]
 15183 | Bailey   | Killed an orc knight
 15564 | D:9      | Reached skill level 11 in Spellcasting
 15650 | D:8      | Found Citava Sadde's Assorted Antiques.
 15865 | D:8      | Reached skill level 5 in Invocations
 16740 | D:8      | Acquired Sif Muna's third power
 16940 | D:8      | Bought a scroll of identify for 56 gold pieces
 16940 | D:8      | Bought a glowing tourmaline ring for 140 gold pieces
 16941 | D:8      | Lost strength.
 16941 | D:8      | Identified the cursed ring "Doegu" {-Cast rN+ Str-4 Int+6 Slay-3} (You took it off a hobgoblin in a bailey)
 16991 | D:8      | Found a basalt altar of Yredelemnul.
 17299 | D:8      | Found a shadowy altar of Dithmenos.
 17908 | D:8      | Reached skill level 5 in Fire Magic
 18061 | D:8      | Found a staircase to the Lair.
 18214 | Lair:1   | Entered Level 1 of the Lair of Beasts
 18930 | Lair:1   | Reached XP level 11. HP: 54/59 MP: 27/33
 19373 | Lair:1   | Noticed Gastronok
 19394 | Lair:1   | Killed from afar by Gastronok

Action                   |  1- 3 |  4- 6 |  7- 9 | 10-12 || total
-------------------------+-------+-------+-------+-------++-------
Melee: Dagger            |     2 |     7 |    36 |    56 ||   101
       Short sword       |       |       |    18 |    10 ||    28
 Cast: Magic Dart        |    94 |   115 |   646 |   415 ||  1270
       Call Imp          |     1 |       |       |     3 ||     4
       Mephitic Cloud    |     3 |     6 |    42 |    26 ||    77
       Conjure Flame     |       |     6 |    42 |    44 ||    92
       Blink             |       |     3 |    25 |     9 ||    37
       Repel Missiles    |       |     1 |     6 |       ||     7
Invok: Channel Energy    |       |       |     2 |     3 ||     5
Evoke: Wand              |       |       |     8 |     7 ||    15
  Use: Scroll            |     3 |     1 |    16 |     5 ||    25
 Stab: Sleeping          |       |       |     1 |       ||     1
       Confused          |       |       |       |     1 ||     1
  Eat: Chunk             |     3 |     8 |    26 |    15 ||    52
       Bread ration      |       |     1 |     1 |       ||     2
       Beef jerky        |       |       |     2 |       ||     2
       Pizza             |       |       |       |     1 ||     1
